 Dungeon Crawl Stone Soup version 0.31-a0-188-g5e087ee2ca (webtiles) character file.

Game seed: 16008031487619993909

80 qw the Shooter (level 4, -2/27 HPs)
             Began as a Deep Elf Hunter on June 23, 2023.
             Slain by a gnoll bouda
             ... wielding a +0 whip
              (9 damage)
             ... on level 4 of the Dungeon.
             The game lasted 00:00:38 (1801 turns).

qw the Shooter (Deep Elf Hunter)                    Turns: 1801, Time: 00:00:38

Health: -2/27      AC:  5    Str: 10    XL:     4   Next: 18%
Magic:  6/6        EV: 11    Int: 12    God:
Gold:   123        SH:  0    Dex: 18    Spells: 3/3 levels left

rFire   . . .        Y - +0 shortbow
rCold   . . .        (shield currently unavailable)
rNeg    . . .        f - +0 ring mail
rPois   .            (no helmet)
rElec   .            (no cloak)
rCorr   .            (no gloves)
SInv    .            (no boots)
Will    .....        (no amulet)
Stlth   +            (no ring)
HPRegen 0.24/turn    (no ring)
MPRegen 0.10/turn

%: no passive effects
@: weakened
A: dopey 1, robust 1, screaming 1
a: no special abilities


You were on level 4 of the Dungeon.
You visited 1 branch of the dungeon, and saw 4 of its levels.

You collected 123 gold pieces.


Innate Abilities, Weirdness & Mutations

You are dopey. (Int -2)
You are robust. (+10% HP)
You occasionally shout uncontrollably at your foes.


   Skills:
 - Level 1.5 Fighting
 + Level 7.6 Ranged Weapons
 - Level 2.4 Dodging
 - Level 1.2 Stealth


You had 3 spell levels left.
You didn't know any spells.
Your spell library was empty.

Inventory:

Hand Weapons
 Y - a +0 shortbow (weapon)
Armour
 f - a +0 ring mail (worn)
Scrolls
 b - a scroll of torment {unknown}
Potions
 a - a potion of magic {unknown}
 d - a potion of mutation
 e - 2 potions of enlightenment

Dungeon Overview and Level Annotations

Branches:
Dungeon (3/15)

Altars:


Message History

The arrow closely misses the gnoll bouda.
The arrow hits the gnoll.
The gnoll is moderately wounded.
The gnoll bouda calls upon its god to heal the gnoll.
The gnoll's wounds heal themselves!
You shoot an arrow.
The arrow hits the gnoll bouda but does no damage.
The gnoll bouda is severely wounded.
The gnoll bouda prays to its god.
The gnoll bouda is healed somewhat.
A hobgoblin comes into view.
The gnoll bouda misses you.
The hobgoblin moves out of view.
You shoot an arrow.
The arrow closely misses the gnoll bouda.
The arrow hits the gnoll.
The gnoll is lightly wounded.
The gnoll bouda gazes fiercely through you!
You feel as though you will be weak longer.
The gnoll bouda barely misses you.
The gnoll drinks a potion.
The gnoll goes berserk!
You shoot an arrow. The arrow hits the gnoll bouda.
The gnoll bouda is severely wounded.
The gnoll is no longer moving quickly.
The gnoll bouda hits you with a +0 whip!
You shoot an arrow.
The arrow hits the gnoll bouda but does no damage.
The gnoll bouda is severely wounded.
The gnoll bouda hits you but does no damage.
You shoot an arrow.
The arrow hits the gnoll bouda but does no damage.
The gnoll bouda is severely wounded.
The gnoll bouda barely misses you. The gnoll bouda misses you.
A kobold comes into view. It is wielding a +0 dagger.
You shoot an arrow.
The arrow barely misses the gnoll bouda.
The arrow hits the gnoll but does no damage.
The gnoll is lightly wounded.
The gnoll is no longer moving quickly.
The gnoll bouda hits you with a +0 whip!
You die...

#.# #.# #.# K
#.# ... #.#
#######g.... #.#
#...@ggg#
####.###.#######
#.........#
#.##.###..#
#.##.# #..#
#.##.# #..#
#.##.# #..#
#....# #..#
#..#####..#


You could see a gnoll bouda, 3 gnolls and a kobold.

Vanquished Creatures
  An adder (D:2)
  A worm (D:4)
  3 dart slugs
  6 orcs
  4 ball pythons
  A bat (D:1)
  3 endoplasms
  5 giant cockroaches (D:1)
  7 goblins
  4 hobgoblins
  4 jackals
  4 kobolds
  2 quokkas
  2 frilled lizards (D:1)
  3 rats
50 creatures vanquished.

Notes
Turn   | Place    | Note
-------+----------+-------------------------------------------
     0 | D:1      | qw the Deep Elf Hunter began the quest for the Orb.
     0 | D:1      | Reached XP level 1. HP: 12/12 MP: 3/3
     0 | D:1      | 0 ||| qw: Version: 0.3-a-9-g12657ce
     0 | D:1      | 0 ||| qw: Game counter: 3783
     0 | D:1      | 0 ||| qw: Always use a shield: true
     0 | D:1      | 0 ||| qw: God list: Okawaru
     0 | D:1      | 0 ||| qw: Allow faded altars: false
     0 | D:1      | 0 ||| qw: Do Orc after D:15 true
     0 | D:1      | 0 ||| qw: Do second Lair branch before Depths: true
     0 | D:1      | 0 ||| qw: Lair rune preference: random
     0 | D:1      | 0 ||| qw: Plans: Normal
     0 | D:1      | 0 ||| PLANNING D:1-11
   225 | D:1      | Reached XP level 2. HP: 16/16 MP: 4/4
   251 | D:1      | Reached skill level 6 in Ranged Weapons
   436 | D:1      | Found a faded altar of an unknown god.
   657 | D:1      | Reached XP level 3. HP: 20/20 MP: 5/5
   804 | D:1      | 804 ||| UPGRADING to +0 ring mail.
   814 | D:1      | 814 ||| DROPPING +0 leather armour.
   815 | D:1      | 815 ||| DROPPING +6 ring of intelligence.
   816 | D:1      | 816 ||| DROPPING scroll of butterflies.
   988 | D:2      | Reached skill level 7 in Ranged Weapons
  1344 | D:2      | 1344 ||| READING scroll labelled SYASCH GEUZXI.
  1345 | D:2      | 1345 ||| READING scroll labelled TERCHY BAMYGH.
  1346 | D:2      | 1346 ||| READING scroll labelled VUBUSS FEXZUB.
  1347 | D:2      | 1347 ||| DRINKING 2 pink potions.
  1347 | D:2      | Gained mutation: You are robust. (+10% HP) [potion of
                  | mutation]
  1347 | D:2      | Gained mutation: You are dopey. (Int -2) [potion of
                  | mutation]
  1347 | D:2      | Gained mutation: You occasionally shout uncontrollably at
                  | your foes. [potion of mutation]
  1352 | D:2      | 1352 ||| DRINKING 2 inky potions.
  1520 | D:3      | You fall into a shaft and drop 1 floor!
  1570 | D:4      | Reached XP level 4. HP: 9/27 MP: 6/6
  1798 | D:4      | HP: 6/27 [gnoll bouda/+0 whip (7)]
  1801 | D:4      | Slain by a gnoll bouda

Levels and vault maps discovered:
D:1:      heliophobic_arrival_enchanted_forest, layout_rooms,
          ebering_ecumenical_altar_abandoned, minmay_strange_pillars,
          grunt_decor_mini_mirrors, nicolae_hexahallways,
          chequers_decorated_corner, hangedman_abyss_or_decor_stabs,
          minmay_quantized
D:2:      layout_rooms
D:3:      layout_rooms, nicolae_shop_unique_rings, minmay_pentangle
D:4:      layout_loops_ring, kennysheep_decorative_pillar, serial_bayou_pond_d

Skill      XL: |  1  2  3 |
---------------+----------+-----
Ranged Weapons | 6 7 |  7.6
Fighting       | |  1.5
Dodging        | |  2.4
Stealth        | |  1.2

Action                     |  1- 3 |  4- 6 || total
---------------------------+-------+-------++-------
   Fire: Shortbow          |   119 |    32 ||   151
    Use: Scroll            |     3 |       ||     3
         Potion            |     2 |       ||     2
 Armour: Leather armour    |     3 |       ||     3
         Ring mail         |     8 |     1 ||     9
  Dodge: Dodged            |    26 |     8 ||    34

Table legend:
 A = Non-vault XP
 B = Vault XP
 C = Vault XP percentage of total XP
 D = Non-vault monster count
 E = Vault monster count
 F = Vault count percentage of total count
                 A         B        C        D         E       F
            +---------+---------+-------+---------+---------+-------
      Total |     103 |      12 |  10.4 |      44 |       6 |  12.0
            +---------+---------+-------+---------+---------+-------
        D:1 |      37 |      12 |  24.5 |      20 |       6 |  23.1
        D:2 |      27 |       0 |   0.0 |      10 |       0 |   0.0
        D:3 |       7 |       0 |   0.0 |       3 |       0 |   0.0
        D:4 |      32 |       0 |   0.0 |      11 |       0 |   0.0
            +---------+---------+-------+---------+---------+-------
